| TOP OF THE 1ST |
|
Frisco RoughRiders batting - Pitching for Midland RockHounds : RHP Tony Botello
|
|
Pitching: RHP Tony Botello
|
|
|
Batting: RHB Zhi-bin Ou-yang
|
0-0: Ball 1-0: Swinging Strike 1-1: Ball 2-1: Foul Ball, location: 2F 2-2: Ball 3-2: Ground out 4-3 (Groundball, 4, EV 103.8 MPH)
|
|
Batting: LHB Justin Balthazor
|
0-0: Ball 1-0: Called Strike 1-1: Ball 2-1: Ground out 2-3 (Groundball, 15S, EV 63.8 MPH)
|
|
Batting: SHB Frank King
|
0-0: Ball 1-0: Ball 2-0: Foul Ball, location: 2F 2-1: Foul Ball, location: 2F 2-2: SINGLE (Flyball, 89S, EV 87.5 MPH)
|
|
Batting: RHB Andy Sheridan
|
0-0: Ball 1-0: Foul Ball, location: 2F 1-1: Ball Frank King is caught stealing 2nd base 2-4
|
| Top of the 1st over - 0 runs, 1 hit, 0 errors, 0 left on base; Frisco 0 - Midland 0 |
| BOTTOM OF THE 1ST |
|
Midland RockHounds batting - Pitching for Frisco RoughRiders : RHP Casey Walters
|
|
Pitching: RHP Casey Walters
|
|
|
Batting: RHB Willie de los Santos
|
0-0: Ball 1-0: Swinging Strike 1-1: Ball 2-1: Ball 3-1: Foul Ball, location: 2F 3-2: Foul Ball, location: 2F 3-2: Fly out, F7 (Flyball, 7LM, EV 95.6 MPH)
|
|
Batting: RHB Jorge Bernal
|
0-0: Ball 1-0: TRIPLE (Line Drive, 78XD, EV 106.2 MPH)
|
|
Batting: LHB Chance Stever
|
0-0: Called Strike 0-1: Called Strike 0-2: Ball 1-2: Ground out 4-3 (Groundball, 4, EV 80.6 MPH) Jorge Bernal scores
|
|
Batting: LHB Tom Raupp
|
0-0: Ball 1-0: Called Strike 1-1: Called Strike 1-2: Ball 2-2: Strikes out swinging
|
| Bottom of the 1st over - 1 run, 1 hit, 0 errors, 0 left on base; Frisco 0 - Midland 1 |
| TOP OF THE 2ND |
|
Frisco RoughRiders batting - Pitching for Midland RockHounds : RHP Tony Botello
|
|
Batting: RHB Andy Sheridan
|
0-0: Ball 1-0: Called Strike 1-1: Ball 2-1: Called Strike 2-2: Ball 3-2: Fly out, F7 (Flyball, 7LM, EV 78.8 MPH)
|
|
Batting: RHB Nate Taylor
|
0-0: Foul Ball, location: 2F 0-1: Fly out, F8 (Flyball, 8RS, EV 92.5 MPH)
|
|
Batting: RHB Darnell Jones
|
0-0: Ball 1-0: Foul Ball, location: 2F 1-1: Ground out U3 (Groundball, 34, EV 85.6 MPH)
|
| Top of the 2nd over - 0 runs, 0 hits, 0 errors, 0 left on base; Frisco 0 - Midland 1 |
| BOTTOM OF THE 2ND |
|
Midland RockHounds batting - Pitching for Frisco RoughRiders : RHP Casey Walters
|
|
Batting: RHB Chris Montgomery
|
0-0: SINGLE (Groundball, 56D, EV 95.0 MPH)
|
|
Batting: SHB Quincy Bradford
|
0-0: Foul Ball, location: 2F 0-1: Ground out 6-3 (Groundball, 4MS, EV 73.1 MPH) Chris Montgomery to second
|
|
Batting: RHB Zack DiCicco
|
0-0: Swinging Strike 0-1: Ball 1-1: Ground out 4-3 (Groundball, 34, EV 105.0 MPH) Chris Montgomery to third
|
|
Batting: RHB D.J. Torres
|
0-0: Ball 1-0: Ball 2-0: Ball 3-0: Called Strike 3-1: Ground out 5-3 (Groundball, 5S, EV 83.8 MPH)
|
| Bottom of the 2nd over - 0 runs, 1 hit, 0 errors, 1 left on base; Frisco 0 - Midland 1 |
| TOP OF THE 3RD |
|
Frisco RoughRiders batting - Pitching for Midland RockHounds : RHP Tony Botello
|
|
Batting: RHB John Bernard
|
0-0: Called Strike 0-1: Ball 1-1: Ball 2-1: Called Strike 2-2: Foul Ball, location: 2F 2-2: SINGLE (Line Drive, 7S, EV 106.2 MPH)
|
|
Batting: RHB Brandon Davis
|
0-0: Ball John Bernard steals 2nd base 1-0: Foul Ball, location: 2F 1-1: SINGLE (Groundball, 6S, EV 68.1 MPH) (infield hit) John Bernard to third
|
|
Batting: RHB Knud Prins
|
0-0: Ball 1-0: Ball 2-0: Ball 3-0: Base on Balls Brandon Davis to second
|
|
Batting: RHB Zhi-bin Ou-yang
|
0-0: Called Strike 0-1: SINGLE (Groundball, 56S, EV 65.0 MPH) (infield hit) John Bernard scores Brandon Davis to third Knud Prins to second
|
|
Batting: LHB Justin Balthazor
|
0-0: Foul Ball, location: 2F 0-1: Ball 1-1: Ball 2-1: Foul Ball, location: 2F 2-2: Strikes out swinging
|
|
Batting: SHB Frank King
|
0-0: Ball 1-0: Called Strike 1-1: Foul Ball, location: 2F 1-2: Ball 2-2: Ball 3-2: Grounds into double play, 4-6-3 (Groundball, 4, EV 85.6 MPH)
|
| Top of the 3rd over - 1 run, 3 hits, 0 errors, 2 left on base; Frisco 1 - Midland 1 |
| BOTTOM OF THE 3RD |
|
Midland RockHounds batting - Pitching for Frisco RoughRiders : RHP Casey Walters
|
|
Batting: RHB Edgar Landim
|
0-0: Called Strike 0-1: Foul Ball, location: 2F 0-2: Ball 1-2: Foul Ball, location: 2F 1-2: Strikes out swinging
|
|
Batting: RHB Willie de los Santos
|
0-0: Ball 1-0: Called Strike 1-1: Ball 2-1: SINGLE (Groundball, 34D, EV 102.5 MPH)
|
|
Batting: RHB Jorge Bernal
|
0-0: Ball 1-0: Ball 2-0: SINGLE (Line Drive, 9LS, EV 88.1 MPH) Willie de los Santos to second Runner from 2nd tries for 3rd, SAFE, throw by RF made to third
|
|
Batting: LHB Chance Stever
|
0-0: Called Strike 0-1: Ball 1-1: 3-RUN HOME RUN (Flyball, 78XD, EV 98.1 MPH), Distance : 399 ft
|
|
Batting: LHB Tom Raupp
|
0-0: Swinging Strike 0-1: Fly out, F7 (Flyball, 7D, EV 90.6 MPH)
|
|
Batting: RHB Chris Montgomery
|
0-0: Ball 1-0: Ball 2-0: Ball 3-0: Called Strike 3-1: Foul Ball, location: 2F 3-2: Strikes out swinging
|
| Bottom of the 3rd over - 3 runs, 3 hits, 0 errors, 0 left on base; Frisco 1 - Midland 4 |
| TOP OF THE 4TH |
|
Frisco RoughRiders batting - Pitching for Midland RockHounds : RHP Tony Botello
|
|
Batting: RHB Andy Sheridan
|
0-0: Called Strike 0-1: Ball 1-1: Ball 2-1: Ball 3-1: Called Strike 3-2: Base on Balls
|
|
Batting: RHB Nate Taylor
|
0-0: Ball 1-0: Swinging Strike 1-1: SINGLE (Groundball, 56D, EV 94.4 MPH) Andy Sheridan to second
|
|
Batting: RHB Darnell Jones
|
0-0: Ball 1-0: Called Strike 1-1: Foul Ball, location: 2F 1-2: Fly out, F4 (Line Drive, 4, EV 71.2 MPH) Lined into DP, 4-6 (Line Drive, 4, EV 72.5 MPH)
|
|
Batting: RHB John Bernard
|
0-0: Ball Nate Taylor is caught stealing 2nd base 2-4
|
| Top of the 4th over - 0 runs, 1 hit, 0 errors, 0 left on base; Frisco 1 - Midland 4 |
| BOTTOM OF THE 4TH |
|
Midland RockHounds batting - Pitching for Frisco RoughRiders : RHP Casey Walters
|
|
Batting: SHB Quincy Bradford
|
0-0: Ball 1-0: DOUBLE (Line Drive, 7LM, EV 95.6 MPH)
|
|
Batting: RHB Zack DiCicco
|
0-0: Ground out 5-3 (Groundball, 56S, EV 91.9 MPH)
|
|
Batting: RHB D.J. Torres
|
0-0: Called Strike 0-1: Foul Ball, location: 2F 0-2: Ball 1-2: Foul Ball, location: 2F 1-2: Ball 2-2: Strikes out swinging
|
|
Batting: RHB Edgar Landim
|
0-0: Called Strike 0-1: Ball 1-1: Foul Ball, location: 2F 1-2: Strikes out swinging
|
| Bottom of the 4th over - 0 runs, 1 hit, 0 errors, 1 left on base; Frisco 1 - Midland 4 |
| TOP OF THE 5TH |
|
Frisco RoughRiders batting - Pitching for Midland RockHounds : RHP Tony Botello
|
|
Batting: RHB John Bernard
|
0-0: Ball 1-0: Reached on error, E6 (Groundball, 6, EV 88.8 MPH)
|
|
Batting: RHB Brandon Davis
|
0-0: Ball 1-0: Called Strike 1-1: Foul Ball, location: 2F 1-2: Foul Ball, location: 2F 1-2: Grounds into double play, 6-4-3 (Groundball, 6, EV 79.4 MPH)
|
|
Batting: RHB Knud Prins
|
0-0: Ball 1-0: Foul Ball, location: 2F 1-1: Ground out 6-3 (Groundball, P, EV 91.2 MPH)
|
| Top of the 5th over - 0 runs, 0 hits, 1 error, 0 left on base; Frisco 1 - Midland 4 |
| BOTTOM OF THE 5TH |
|
Midland RockHounds batting - Pitching for Frisco RoughRiders : RHP Casey Walters
|
|
Batting: RHB Willie de los Santos
|
0-0: Ball 1-0: Swinging Strike 1-1: Ball 2-1: Foul Ball, location: 2F 2-2: Foul Ball, location: 2F 2-2: Ball 3-2: Ground out 4-3 (Groundball, 4D, EV 102.5 MPH)
|
|
Batting: RHB Jorge Bernal
|
0-0: Called Strike 0-1: Ball 1-1: SINGLE (Groundball, 4S, EV 70.0 MPH) (infield hit)
|
|
Batting: LHB Chance Stever
|
0-0: Called Strike 0-1: Ball 1-1: SINGLE (Groundball, 34D, EV 95.0 MPH) Jorge Bernal to second Runner from 2nd tries for 3rd, SAFE, throw by RF made to third
|
|
Batting: LHB Tom Raupp
|
0-0: Called Strike 0-1: Called Strike 0-2: Strikes out swinging
|
|
Batting: RHB Chris Montgomery
|
0-0: Ball 1-0: Ball 2-0: Foul Ball, location: 2F 2-1: Fly out, F9 (Flyball, 89M, EV 89.4 MPH)
|
| Bottom of the 5th over - 0 runs, 2 hits, 0 errors, 2 left on base; Frisco 1 - Midland 4 |
| TOP OF THE 6TH |
|
Frisco RoughRiders batting - Pitching for Midland RockHounds : RHP Tony Botello
|
|
Batting: RHB Zhi-bin Ou-yang
|
0-0: Fly out, F4 (Popup, 34S, EV 80.0 MPH)
|
|
Batting: LHB Justin Balthazor
|
0-0: Foul Ball, location: 2F 0-1: Fly out, F8 (Flyball, 8LXD, EV 75.0 MPH)
|
|
Batting: SHB Frank King
|
0-0: Fly out, F7 (Flyball, 7LD, EV 86.2 MPH)
|
| Top of the 6th over - 0 runs, 0 hits, 0 errors, 0 left on base; Frisco 1 - Midland 4 |
| BOTTOM OF THE 6TH |
|
Midland RockHounds batting - Pitching for Frisco RoughRiders : RHP Casey Walters
|
|
Batting: SHB Quincy Bradford
|
0-0: Ball 1-0: Called Strike 1-1: Called Strike 1-2: Ball 2-2: Ball 3-2: Strikes out looking and he ARGUES THE CALL AND IS TOSSED!
|
|
Batting: RHB Zack DiCicco
|
0-0: Ball 1-0: Ball 2-0: Ball 3-0: Base on Balls
|
|
Batting: RHB D.J. Torres
|
0-0: Ball 1-0: Ball 2-0: Ball 3-0: Called Strike 3-1: Fielders Choice at 2nd, 1-6 (Groundball, 13S, EV 69.4 MPH)
|
|
Pitching: RHP Jesse Lawlis
|
|
|
Batting: RHB Edgar Landim
|
0-0: Called Strike 0-1: Called Strike 0-2: Strikes out looking
|
| Bottom of the 6th over - 0 runs, 0 hits, 0 errors, 1 left on base; Frisco 1 - Midland 4 |
| TOP OF THE 7TH |
|
Frisco RoughRiders batting - Pitching for Midland RockHounds : RHP Tony Botello
|
|
Now in LF: Bastiaan Leenders
|
|
|
Batting: RHB Andy Sheridan
|
0-0: SOLO HOME RUN (Flyball, 7D, EV 106.9 MPH), Distance : 395 ft
|
|
Batting: RHB Nate Taylor
|
0-0: TRIPLE (Flyball, 89XD, EV 100.0 MPH)
|
|
Batting: RHB Darnell Jones
|
0-0: Ball 1-0: Ball 2-0: Ground out 6-3 (Groundball, 4MS, EV 62.5 MPH) Nate Taylor scores
|
|
Batting: RHB John Bernard
|
0-0: SINGLE (Line Drive, 4D, EV 98.8 MPH)
|
|
Pinch Hitting: LHB Antonio Domingues
|
0-0: Ball 1-0: Foul Ball, location: 2F 1-1: Ball 2-1: TRIPLE (Flyball, 89XD, EV 108.1 MPH) John Bernard scores
|
|
Batting: RHB Knud Prins
|
0-0: Called Strike 0-1: Swinging Strike 0-2: Strikes out swinging
|
|
Pitching: RHP Dave Quintero
|
|
|
Batting: RHB Zhi-bin Ou-yang
|
0-0: Ball 1-0: SINGLE (Groundball, 56D, EV 101.2 MPH) Antonio Domingues scores
|
|
Batting: LHB Justin Balthazor
|
0-0: Ball 1-0: Ball Zhi-bin Ou-yang steals 2nd base 2-0: Ball 3-0: Called Strike 3-1: Fly out, F7 (Flyball, 78D, EV 100.0 MPH)
|
| Top of the 7th over - 4 runs, 5 hits, 0 errors, 1 left on base; Frisco 5 - Midland 4 |
| BOTTOM OF THE 7TH |
|
Midland RockHounds batting - Pitching for Frisco RoughRiders : RHP Jesse Lawlis
|
|
Pitching: RHP Andres Burgos
|
|
|
Now in CF: Antonio Domingues
|
|
|
Batting: RHB Willie de los Santos
|
0-0: Ground out 5-3 (Groundball, 5S, EV 71.9 MPH)
|
|
Batting: RHB Jorge Bernal
|
0-0: Ball 1-0: Ball 2-0: Ball 3-0: Called Strike 3-1: Foul Ball, location: 2F 3-2: Base on Balls
|
|
Batting: LHB Chance Stever
|
0-0: Ball Jorge Bernal steals 2nd base 1-0: Foul Ball, location: 2F 1-1: Swinging Strike 1-2: Foul Ball, location: 2F 1-2: Foul Ball, location: 2F 1-2: Ball 2-2: Foul Ball, location: 2F 2-2: Strikes out swinging
|
|
Batting: LHB Tom Raupp
|
0-0: Ball 1-0: SINGLE (Groundball, 56D, EV 104.4 MPH) Jorge Bernal to third Runner from 3rd tries for Home, SAFE, throw by LF to home
|
|
Batting: RHB Chris Montgomery
|
0-0: Called Strike 0-1: Ball 1-1: Swinging Strike 1-2: Ground out 4-3 (Groundball, 4, EV 85.6 MPH)
|
| Bottom of the 7th over - 1 run, 1 hit, 0 errors, 1 left on base; Frisco 5 - Midland 5 |
| TOP OF THE 8TH |
|
Frisco RoughRiders batting - Pitching for Midland RockHounds : RHP Dave Quintero
|
|
Batting: SHB Frank King
|
0-0: Ball 1-0: Ball 2-0: Called Strike 2-1: Foul Ball, location: 2F 2-2: Strikes out swinging
|
|
Batting: RHB Andy Sheridan
|
0-0: Ball 1-0: Called Strike 1-1: Fly out, F4 (Line Drive, 4, EV 67.5 MPH)
|
|
Batting: RHB Nate Taylor
|
0-0: Foul Ball, location: 2F 0-1: DOUBLE (Flyball, 8LXD, EV 103.8 MPH)
|
|
Batting: RHB Darnell Jones
|
0-0: 2-RUN HOME RUN (Flyball, 7D, EV 100.6 MPH), Distance : 385 ft
|
|
Batting: RHB John Bernard
|
0-0: Called Strike 0-1: Ball 1-1: Called Strike 1-2: Strikes out swinging
|
| Top of the 8th over - 2 runs, 2 hits, 0 errors, 0 left on base; Frisco 7 - Midland 5 |
| BOTTOM OF THE 8TH |
|
Midland RockHounds batting - Pitching for Frisco RoughRiders : RHP Andres Burgos
|
|
Pitching: RHP Manny Cabrera
|
|
|
Now at 1B: Jason Sher
|
|
|
Batting: RHB Bastiaan Leenders
|
0-0: Ball 1-0: Foul Ball, location: 2F 1-1: Swinging Strike 1-2: Foul Ball, location: 2F 1-2: Ball 2-2: Ball 3-2: SINGLE (Line Drive, 7LS, EV 93.1 MPH)
|
|
Batting: RHB Zack DiCicco
|
0-0: Ball 1-0: Called Strike 1-1: Ball 2-1: Foul Ball, location: 2F 2-2: Strikes out swinging
|
|
Batting: RHB D.J. Torres
|
0-0: Foul Ball, location: 2F 0-1: Called Strike 0-2: Ball 1-2: Foul Ball, location: 2F 1-2: Strikes out looking
|
|
Batting: RHB Edgar Landim
|
0-0: Called Strike 0-1: SINGLE (Groundball, 56D, EV 100.0 MPH) Bastiaan Leenders to second
|
|
Batting: RHB Willie de los Santos
|
0-0: Foul Ball, location: 2F 0-1: Ball 1-1: Foul Ball, location: 2F 1-2: Foul Ball, location: 2F 1-2: Ball 2-2: Fly out, F4 (Line Drive, 4, EV 68.8 MPH)
|
| Bottom of the 8th over - 0 runs, 2 hits, 0 errors, 2 left on base; Frisco 7 - Midland 5 |
| TOP OF THE 9TH |
|
Frisco RoughRiders batting - Pitching for Midland RockHounds : RHP Dave Quintero
|
|
Pitching: LHP Jin-ho Koo
|
|
|
Batting: LHB Antonio Domingues
|
0-0: Called Strike 0-1: Ball 1-1: Foul Ball, location: 2F 1-2: Ball 2-2: Foul Ball, location: 2F 2-2: Ball 3-2: Fly out, F9 (Flyball, 89D, EV 86.9 MPH)
|
|
Batting: RHB Knud Prins
|
0-0: Foul Ball, location: 2F 0-1: Ball 1-1: Ball 2-1: Foul Ball, location: 2F 2-2: Strikes out swinging
|
|
Batting: RHB Zhi-bin Ou-yang
|
0-0: Ball 1-0: Foul Ball, location: 2F 1-1: Ground out 6-3 (Groundball, 6MD, EV 99.4 MPH)
|
| Top of the 9th over - 0 runs, 0 hits, 0 errors, 0 left on base; Frisco 7 - Midland 5 |
| BOTTOM OF THE 9TH |
|
Midland RockHounds batting - Pitching for Frisco RoughRiders : RHP Manny Cabrera
|
|
Batting: RHB Jorge Bernal
|
0-0: Foul Ball, location: 2F 0-1: Ball 1-1: Foul Ball, location: 2F 1-2: Ball 2-2: Strikes out swinging
|
|
Batting: LHB Chance Stever
|
0-0: Ball 1-0: Called Strike 1-1: Foul Ball, location: 2F 1-2: Ball 2-2: Ground out 4-3 (Groundball, 4, EV 109.4 MPH)
|
|
Batting: LHB Tom Raupp
|
0-0: Swinging Strike 0-1: Called Strike 0-2: Ball 1-2: Ball 2-2: Ball 3-2: Strikes out swinging
|
| Bottom of the 9th over - 0 runs, 0 hits, 0 errors, 0 left on base; Frisco 7 - Midland 5 |
|